[Event "DMP Ekstraliga 2020"]
[Site "Krakow"]
[Date "2020.08.28"]
[Round "3.29"]
[White "Sabuk, Piotr"]
[Black "Walter, Szymon"]
[Result "0-1"]
[ECO "C02"]
[WhiteElo "2377"]
[BlackElo "2288"]
[Annotator "ChessBase"]
[PlyCount "80"]
[EventDate "2020.08.26"]
[EventType "team-tourn"]
[EventCountry "POL"]
[SourceTitle "playchess.com"]
[Source "ChessBase"]
[SourceQuality "1"]
[TimeControl "30/5400+30:1800+30"]

1. d4 e6 2. e4 d5 3. e5 c5 4. c3 Nc6 5. Nf3 Qb6 6. a3 cxd4 7. cxd4 Bd7 8. Nc3 Rc8 9. Na4 Qd8 10. b4 b6 11. Ba6 Rc7 12. O-O Nge7 13. Bb2 Nf5 14. Nc3 Bc8 15. Be2 Be7 16. Rc1 Bd7 17. Ba6 Bc8 18. Bd3 Bb7 19. Qa4 O-O 20. Ne2 Qd7 21. Qd1 Rfc8 22. Qd2 Qd8 23. g3 g6 24. Kg2 Bf8 25. Rc2 Bg7 26. h4 Qe7 27. Rh1 f6 28. g4 fxe5 29. dxe5 Nh6 30. Kg3 d4 31. Rhc1 Nxe5 32. Nxe5 Bxe5+ 33. f4 Bg7 34. Nxd4 e5 35. Rxc7 Rxc7 36. Bc4+ Kh8 37. Ne6 Rxc4 38. Rxc4 Qxe6 39. Qd8+ Ng8 40. Rc2 Qb3+ 0-1

[Event "DMP Ekstraliga 2020"]
[Site "Krakow"]
[Date "2020.08.28"]
[Round "3.30"]
[White "Sliwicka, Alicja"]
[Black "Bulmaga, Irina"]
[Result "1/2-1/2"]
[ECO "B33"]
[WhiteElo "2317"]
[BlackElo "2434"]
[Annotator "ChessBase"]
[PlyCount "48"]
[EventDate "2020.08.26"]
[EventType "team-tourn"]
[EventCountry "POL"]
[SourceTitle "playchess.com"]
[Source "ChessBase"]
[SourceQuality "1"]
[TimeControl "30/5400+30:1800+30"]

1. e4 c5 2. Nf3 Nc6 3. d4 cxd4 4. Nxd4 Nf6 5. Nc3 e5 6. Ndb5 d6 7. Bg5 a6 8. Na3 b5 9. Bxf6 gxf6 10. Nd5 f5 11. Bd3 Be6 12. O-O Bxd5 13. exd5 Ne7 14. c4 e4 15. Be2 Bg7 16. Qd2 O-O 17. cxb5 axb5 18. Nxb5 Ng6 19. f4 Ra5 20. Kh1 Qa8 21. Nc7 Qa7 22. Nb5 Qa8 23. Nc7 Qa7 24. Nb5 Qa8 1/2-1/2

[Event "DMP Ekstraliga 2020"]
[Site "Krakow"]
[Date "2020.08.29"]
[Round "4.1"]
[White "Kryvoruchko, Yuriy"]
[Black "Klekowski, Maciej"]
[Result "1-0"]
[ECO "C65"]
[WhiteElo "2682"]
[BlackElo "2511"]
[Annotator "ChessBase"]
[PlyCount "42"]
[EventDate "2020.08.26"]
[EventType "team-tourn"]
[EventCountry "POL"]
[SourceTitle "playchess.com"]
[Source "ChessBase"]
[SourceQuality "1"]
[WhiteTeam "Stilon Gorzow"]
[BlackTeam "UKS 21 Podlesie"]
[TimeControl "30/5400+30:1800+30"]

1. e4 e5 2. Nf3 Nc6 3. Bb5 Nf6 4. d3 Bc5 5. Bxc6 dxc6 6. Nbd2 O-O 7. Qe2 Nd7 8. Nc4 Re8 9. Rg1 a5 10. g4 b5 11. Ne3 Bf8 12. Nf5 Nc5 13. h4 b4 14. h5 a4 15. h6 g6 16. Ng7 Re7 17. Bg5 Qd6 18. Nf5 gxf5 19. gxf5 Kh8 20. Nd2 Ba6 21. Qg4 Bxh6 1-0

[Event "DMP Ekstraliga 2020"]
[Site "Krakow"]
[Date "2020.08.29"]
[Round "4.2"]
[White "Teclaf, Pawel"]
[Black "Bluebaum, Matthias"]
[Result "0-1"]
[ECO "C07"]
[WhiteElo "2454"]
[BlackElo "2647"]
[Annotator "ChessBase"]
[PlyCount "64"]
[EventDate "2020.08.26"]
[EventType "team-tourn"]
[EventCountry "POL"]
[SourceTitle "playchess.com"]
[Source "ChessBase"]
[SourceQuality "1"]
[WhiteTeam "UKS 21 Podlesie"]
[BlackTeam "Stilon Gorzow"]
[TimeControl "30/5400+30:1800+30"]

1. e4 e6 2. d4 d5 3. Nd2 c5 4. Ngf3 cxd4 5. Nxd4 Nf6 6. exd5 Nxd5 7. N2f3 Bb4+ 8. Bd2 O-O 9. Bxb4 Nxb4 10. c3 Nd5 11. Bc4 b6 12. O-O Bb7 13. Re1 Nc6 14. Nxc6 Bxc6 15. Qd4 Nf6 16. Qf4 b5 17. Nd4 Bxg2 18. Bxe6 Bb7 19. Bb3 Nh5 20. Qe5 Qh4 21. f3 Bxf3 22. Nxf3 Qg4+ 23. Kf2 Nf4 24. Qxb5 Rad8 25. Nd4 Qg2+ 26. Ke3 g5 27. Rg1 Rfe8+ 28. Be6 Rxe6+ 29. Nxe6 Qd2+ 30. Kf3 Rd3+ 31. Kg4 h5+ 32. Kf5 Rd5+ 0-1

[Event "DMP Ekstraliga 2020"]
[Site "Krakow"]
[Date "2020.08.29"]
[Round "4.3"]
[White "Krasenkow, Michal"]
[Black "Barski, Radoslaw"]
[Result "1/2-1/2"]
[ECO "E90"]
[WhiteElo "2605"]
[BlackElo "2444"]
[Annotator "ChessBase"]
[PlyCount "70"]
[EventDate "2020.08.26"]
[EventType "team-tourn"]
[EventCountry "POL"]
[SourceTitle "playchess.com"]
[Source "ChessBase"]
[SourceQuality "1"]
[WhiteTeam "Stilon Gorzow"]
[BlackTeam "UKS 21 Podlesie"]
[TimeControl "30/5400+30:1800+30"]

1. d4 Nf6 2. c4 g6 3. Nc3 Bg7 4. e4 d6 5. Nf3 O-O 6. h3 e5 7. d5 a5 8. Bg5 Na6 9. Be2 Nc5 10. Nd2 Bd7 11. O-O h6 12. Be3 Nh7 13. Nb3 b6 14. Nxc5 bxc5 15. Qd2 h5 16. f4 exf4 17. Bxf4 Rb8 18. Rf3 g5 19. Be3 g4 20. Rff1 gxh3 21. g3 Qe7 22. Bf4 f5 23. exf5 Bxf5 24. Rae1 Bd4+ 25. Kh1 Qf7 26. Bh6 Bg7 27. Bd3 Qg6 28. Rxf5 Rxf5 29. Bxg7 Kxg7 30. Nb5 Qg5 31. Qxg5+ Rxg5 32. Re7+ Kf6 33. Re6+ Kg7 34. Re7+ Kf6 35. Re6+ Kg7 1/2-1/2

[Event "DMP Ekstraliga 2020"]
[Site "Krakow"]
[Date "2020.08.29"]
[Round "4.4"]
[White "Kosakowski, Jakub"]
[Black "Kanarek, Marcel"]
[Result "0-1"]
[ECO "B50"]
[WhiteElo "2418"]
[BlackElo "2488"]
[Annotator "ChessBase"]
[PlyCount "58"]
[EventDate "2020.08.26"]
[EventType "team-tourn"]
[EventCountry "POL"]
[SourceTitle "playchess.com"]
[Source "ChessBase"]
[SourceQuality "1"]
[WhiteTeam "UKS 21 Podlesie"]
[BlackTeam "Stilon Gorzow"]
[TimeControl "30/5400+30:1800+30"]

1. e4 c5 2. Nf3 d6 3. c3 Nf6 4. Be2 g6 5. O-O Bg7 6. Bb5+ Nc6 7. d4 Qb6 8. Ba4 cxd4 9. cxd4 O-O 10. d5 Na5 11. Nc3 Bd7 12. Bc2 Rfc8 13. h3 Nc4 14. Rb1 Qa5 15. Nd4 b5 16. b4 Qb6 17. Re1 Rc7 18. a4 a6 19. Bb3 bxa4 20. Bxa4 Ng4 21. e5 Bxe5 22. Re4 Bf5 23. Rf4 Bxf4 24. hxg4 Bxb1 25. Bxf4 Nb2 26. Qxb1 Qxd4 27. Ne2 Qxb4 28. Bc6 Rb8 29. g5 Nc4 0-1

[Event "DMP Ekstraliga 2020"]
[Site "Krakow"]
[Date "2020.08.29"]
[Round "4.5"]
[White "Janik, Igor"]
[Black "Walter, Szymon"]
[Result "1-0"]
[ECO "E62"]
[WhiteElo "2471"]
[BlackElo "2288"]
[Annotator "ChessBase"]
[PlyCount "91"]
[EventDate "2020.08.26"]
[EventType "team-tourn"]
[EventCountry "POL"]
[SourceTitle "playchess.com"]
[Source "ChessBase"]
[SourceQuality "1"]
[WhiteTeam "Stilon Gorzow"]
[BlackTeam "UKS 21 Podlesie"]
[TimeControl "30/5400+30:1800+30"]

1. c4 Nf6 2. g3 g6 3. Bg2 Bg7 4. Nc3 O-O 5. d4 d6 6. Nf3 Nc6 7. O-O Bg4 8. Ne1 e5 9. d5 Ne7 10. f3 Bd7 11. e4 h5 12. Nd3 c6 13. Be3 cxd5 14. cxd5 b5 15. Qb3 a5 16. Rfc1 Qb8 17. Bf1 Kh7 18. Nf2 b4 19. Na4 Bxa4 20. Qxa4 Bh6 21. f4 exf4 22. gxf4 Nfxd5 23. exd5 Nxd5 24. Bd4 Nxf4 25. Ne4 Bg7 26. Qd1 d5 27. Ng5+ Kg8 28. Bxg7 Kxg7 29. Qd4+ Kh6 30. Nf3 Re8 31. Re1 Rxe1 32. Rxe1 Qa7 33. Kf2 g5 34. Qxa7 Rxa7 35. Nd4 Rc7 36. Kf3 Kg6 37. h4 f6 38. Bb5 Rc5 39. Re7 f5 40. Be8+ Kf6 41. Rf7+ Ke5 42. Nc6+ Rxc6 43. Bxc6 g4+ 44. Kg3 Ne2+ 45. Kf2 Nd4 46. Bb7 1-0

[Event "DMP Ekstraliga 2020"]
[Site "Krakow"]
[Date "2020.08.29"]
[Round "4.6"]
[White "Sliwicka, Alicja"]
[Black "Antolak, Julia"]
[Result "0-1"]
[ECO "B54"]
[WhiteElo "2317"]
[BlackElo "2323"]
[Annotator "NA"]
[PlyCount "104"]
[EventDate "2020.08.26"]
[EventType "team-tourn"]
[EventCountry "POL"]
[SourceTitle "playchess.com"]
[Source "ChessBase"]
[SourceQuality "1"]
[WhiteTeam "UKS 21 Podlesie"]
[BlackTeam "Stilon Gorzow"]
[TimeControl "30/5400+30:1800+30"]

1. e4 c5 2. Nf3 d6 3. d4 cxd4 4. Nxd4 Nf6 5. f3 e5 6. Nb3 d5 7. Bg5 d4 8. c3 Nc6 9. Bb5 h6 10. Bxf6 Qxf6 11. cxd4 Bb4+ 12. N1d2 exd4 13. O-O O-O 14. Qe2 {[%emt 0:04:23] [#]} (14. f4 $11) 14... d3 $1 15. Qe3 Rd8 16. Rfd1 Be6 17. f4 (17. Bxc6 $17 bxc6 18. e5) 17... Qxb2 $19 18. f5 Bxb3 19. Nxb3 d2 20. Bc4 Qe5 21. Kh1 Nd4 22. Qd3 Rac8 23. Bd5 Nxf5 24. Nxd2 Bxd2 25. Qxd2 Ne7 26. Rab1 Nxd5 27. exd5 Rc5 28. Qf2 b6 29. Rf1 Qxd5 30. Rbe1 Rc7 31. h3 Rdc8 32. Re2 Rc1 33. Rfe1 Rxe1+ 34. Qxe1 Rd8 35. Qf2 b5 36. Re7 a5 37. Ra7 a4 38. a3 Rc8 39. Qg3 Qd4 40. Re7 Rc1+ 41. Re1 Rxe1+ 42. Qxe1 Qc4 43. Kh2 b4 44. Qe8+ Kh7 45. Qxa4 Qf4+ 46. Kh1 Qc1+ 47. Kh2 bxa3 48. Qe4+ g6 49. Qd5 Qf4+ 50. Kh1 Kg7 51. Qd1 Qf6 52. Qb1 Qb2 0-1

[Event "DMP Ekstraliga 2020"]
[Site "Krakow"]
[Date "2020.08.29"]
[Round "4.8"]
[White "Pultinevicius, Paulius"]
[Black "Gajewski, Grzegorz"]
[Result "1-0"]
[ECO "A06"]
[WhiteElo "2519"]
[BlackElo "2616"]
[Annotator "ChessBase"]
[PlyCount "103"]
[EventDate "2020.08.26"]
[EventType "team-tourn"]
[EventCountry "POL"]
[SourceTitle "playchess.com"]
[Source "ChessBase"]
[SourceQuality "1"]
[WhiteTeam "Hetman Plock"]
[BlackTeam "HETMAN Katowice"]
[TimeControl "30/5400+30:1800+30"]

1. Nf3 d5 2. e3 Nf6 3. c4 e6 4. b3 Bd6 5. Bb2 O-O 6. Nc3 Re8 7. Qc2 c5 8. cxd5 exd5 9. Bb5 Nc6 10. Bxc6 bxc6 11. Na4 Ba6 12. Nxc5 Bxc5 13. Qxc5 Ne4 14. Qd4 f6 15. Rc1 c5 16. Rxc5 Nxc5 17. Qxc5 Rc8 18. Qa3 Re6 19. Nd4 Qe8 20. Rg1 Qh5 21. h4 Qg6 22. f3 Qg3+ 23. Kd1 Qf2 24. Re1 Qxg2 25. Qa5 Qg6 26. e4 dxe4 27. h5 Qg5 28. Qxg5 fxg5 29. Nxe6 exf3 30. Bd4 g4 31. Rg1 Rc6 32. Nf4 Bc8 33. Bxa7 Ra6 34. Bd4 Rxa2 35. Ke1 Kf7 36. Bc3 Ra7 37. Kf2 Re7 38. Kg3 Bf5 39. b4 g5 40. hxg6+ hxg6 41. Nd5 Re4 42. Ne3 Bc8 43. Ra1 g5 44. Ra5 Kg6 45. Re5 Rf4 46. Re8 Bb7 47. Rg8+ Kh5 48. Rh8+ Kg6 49. Nxg4 f2 50. Rh6+ Kf7 51. Nxf2 Rf3+ 52. Kg4 1-0

[Event "DMP Ekstraliga 2020"]
[Site "Krakow"]
[Date "2020.08.29"]
[Round "4.9"]
[White "Socko, Bartosz"]
[Black "Warakomski, Tomasz"]
[Result "1-0"]
[ECO "B42"]
[WhiteElo "2601"]
[BlackElo "2515"]
[Annotator "ChessBase"]
[PlyCount "123"]
[EventDate "2020.08.26"]
[EventType "team-tourn"]
[EventCountry "POL"]
[SourceTitle "playchess.com"]
[Source "ChessBase"]
[SourceQuality "1"]
[WhiteTeam "HETMAN Katowice"]
[BlackTeam "Hetman Plock"]
[TimeControl "30/5400+30:1800+30"]

1. e4 c5 2. Nf3 e6 3. d4 cxd4 4. Nxd4 a6 5. Bd3 Bc5 6. Nb3 Ba7 7. O-O Nc6 8. Qg4 Qf6 9. Nc3 Nge7 10. Kh1 h5 11. Qe2 Ne5 12. f4 Nxd3 13. cxd3 d5 14. Be3 Bxe3 15. Qxe3 O-O 16. Rae1 dxe4 17. dxe4 e5 18. f5 Bd7 19. Rd1 Rad8 20. Na5 Bc8 21. Nc4 Rd4 22. Qe2 Rfd8 23. Qxh5 Nxf5 24. exf5 Rxc4 25. Nd5 Rxd5 26. Rxd5 Bxf5 27. Qe2 Re4 28. Qxe4 Bxe4 29. Rxf6 Bxd5 30. Rb6 e4 31. Kg1 e3 32. Kf1 e2+ 33. Kxe2 Bxg2 34. Ke3 Kh7 35. Rd6 f6 36. a4 Bc6 37. b3 Kg6 38. Kf4 Bh1 39. b4 Kf7 40. Rd7+ Kg6 41. Rc7 Bd5 42. h4 Kh6 43. Kf5 Bf3 44. Rc8 Kh7 45. b5 axb5 46. axb5 Bg2 47. Rc3 Kh6 48. b6 Bf1 49. Rg3 Be2 50. Ke4 Bf1 51. Rg1 Bh3 52. Kf3 Be6 53. Rd1 Kh5 54. Rd6 Bc8 55. Kg3 Kg6 56. Kf4 Bh3 57. Rd3 Be6 58. Rd8 Kh7 59. h5 Bh3 60. h6 gxh6 61. Kg3 Bf5 62. Re8 1-0

[Event "DMP Ekstraliga 2020"]
[Site "Krakow"]
[Date "2020.08.29"]
[Round "4.10"]
[White "Grabarczyk, Miroslaw"]
[Black "Miton, Kamil"]
[Result "1/2-1/2"]
[ECO "A50"]
[WhiteElo "2368"]
[BlackElo "2590"]
[Annotator "ChessBase"]
[PlyCount "110"]
[EventDate "2020.08.26"]
[EventType "team-tourn"]
[EventCountry "POL"]
[SourceTitle "playchess.com"]
[Source "ChessBase"]
[SourceQuality "1"]
[WhiteTeam "Hetman Plock"]
[BlackTeam "HETMAN Katowice"]
[TimeControl "30/5400+30:1800+30"]

1. d4 Nf6 2. c4 b6 3. Nc3 Bb7 4. Nf3 e6 5. a3 g6 6. g3 Bg7 7. Bg2 Ne4 8. Nxe4 Bxe4 9. Bg5 Qc8 10. O-O h6 11. Bd2 d6 12. Bc3 Nd7 13. Ne1 Bxg2 14. Nxg2 Qa6 15. b3 b5 16. Ne3 bxc4 17. Nxc4 O-O 18. Qc2 Rfc8 19. e4 d5 20. exd5 exd5 21. Ne3 c6 22. b4 h5 23. Rfd1 Nf8 24. Qd3 Qb7 25. Rab1 Ne6 26. Nc2 Qd7 27. Bd2 Bf6 28. Be3 h4 29. Ne1 hxg3 30. hxg3 Kg7 31. b5 Rab8 32. bxc6 Qxc6 33. Nf3 Qa4 34. Kg2 Rh8 35. Rdc1 Qd7 36. Rh1 Rxb1 37. Qxb1 Rxh1 38. Kxh1 Qa4 39. Qb7 Qxa3 40. Qxd5 a5 41. Qa8 Qa2 42. Kg2 Nc7 43. Qb7 Nd5 44. Bc1 a4 45. Ne5 Ne7 46. Qa7 Nf5 47. Qa8 Qb3 48. Qe8 Qd5+ 49. Kg1 Nxd4 50. Nd7 Nf3+ 51. Kf1 Qd1+ 52. Kg2 Ne1+ 53. Kg1 Nf3+ 54. Kg2 Ne1+ 55. Kg1 Nf3+ 1/2-1/2

[Event "DMP Ekstraliga 2020"]
[Site "Krakow"]
[Date "2020.08.29"]
[Round "4.11"]
[White "Sadzikowski, Daniel"]
[Black "Sabuk, Piotr"]
[Result "1/2-1/2"]
[ECO "D37"]
[WhiteElo "2522"]
[BlackElo "2377"]
[Annotator "ChessBase"]
[PlyCount "95"]
[EventDate "2020.08.26"]
[EventType "team-tourn"]
[EventCountry "POL"]
[SourceTitle "playchess.com"]
[Source "ChessBase"]
[SourceQuality "1"]
[WhiteTeam "HETMAN Katowice"]
[BlackTeam "Hetman Plock"]
[TimeControl "30/5400+30:1800+30"]

1. d4 Nf6 2. c4 e6 3. Nf3 d5 4. Nc3 a6 5. cxd5 exd5 6. Bg5 c6 7. e3 Nbd7 8. Bd3 Be7 9. Qc2 Nf8 10. O-O Ne6 11. Bh4 g6 12. Rfe1 O-O 13. Na4 Re8 14. Rac1 Ng7 15. Qb3 Ne4 16. Bxe7 Rxe7 17. Bxe4 dxe4 18. Ne5 Be6 19. Qb6 Qxb6 20. Nxb6 Rd8 21. b3 Ne8 22. Rc5 Kg7 23. Rec1 Nc7 24. Nec4 Bd5 25. Na5 Ne6 26. R5c3 f5 27. a4 Rf7 28. b4 f4 29. Rb1 Rdf8 30. b5 axb5 31. axb5 fxe3 32. fxe3 Ba2 33. Rbc1 cxb5 34. R3c2 Bc4 35. Naxc4 bxc4 36. Rxc4 Rf2 37. R4c2 Rxc2 38. Rxc2 Rd8 39. Rb2 Nc7 40. h4 Rd6 41. Kh2 Rf6 42. Kg3 Rf7 43. Rb3 Ne8 44. Nc4 Rc7 45. Na5 Nd6 46. Rb6 Nf5+ 47. Kf4 Nxh4 48. g3 1/2-1/2

[Event "DMP Ekstraliga 2020"]
[Site "Krakow"]
[Date "2020.08.29"]
[Round "4.12"]
[White "Bulmaga, Irina"]
[Black "Socko, Monika"]
[Result "1/2-1/2"]
[ECO "B12"]
[WhiteElo "2434"]
[BlackElo "2428"]
[Annotator "ChessBase"]
[PlyCount "111"]
[EventDate "2020.08.26"]
[EventType "team-tourn"]
[EventCountry "POL"]
[SourceTitle "playchess.com"]
[Source "ChessBase"]
[SourceQuality "1"]
[WhiteTeam "Hetman Plock"]
[BlackTeam "HETMAN Katowice"]
[TimeControl "30/5400+30:1800+30"]

1. e4 c6 2. d4 d5 3. e5 c5 4. dxc5 e6 5. a3 Nc6 6. Nf3 Bxc5 7. b4 Bb6 8. Bb2 f6 9. Bd3 fxe5 10. O-O Nf6 11. Nxe5 Nxe5 12. Bxe5 O-O 13. Nd2 Bd7 14. c4 a5 15. Qe2 axb4 16. axb4 Rxa1 17. Rxa1 Bc7 18. Bxc7 Qxc7 19. h3 Qf4 20. Nf3 dxc4 21. Bxc4 Nd5 22. Qd3 Qf6 23. Re1 Bc6 24. Qd4 Nf4 25. Qxf6 Rxf6 26. Nd4 Bd5 27. Bxd5 Nxd5 28. b5 Kf7 29. g3 Ke7 30. f4 Kd6 31. Kg2 h6 32. h4 Ne7 33. Re5 Ng6 34. Re2 Ne7 35. Re5 Ng6 36. Re1 Ne7 37. h5 Nf5 38. Nb3 Rf8 39. Rd1+ Ke7 40. Kf3 Ra8 41. Nc5 Ra3+ 42. Kf2 b6 43. Nd3 Rb3 44. Ne5 Rb2+ 45. Kf3 Rb3+ 46. Kf2 Nxg3 47. Rd7+ Ke8 48. Rb7 Ne4+ 49. Kg2 Rxb5 50. Rxg7 Nf6 51. Rg6 Nxh5 52. Rxe6+ Kf8 53. Nd7+ Kf7 54. Rxb6 Nxf4+ 55. Kf3 Rxb6 56. Ke4 1/2-1/2

[Event "DMP Ekstraliga 2020"]
[Site "Krakow"]
[Date "2020.08.29"]
[Round "4.13"]
[White "Antoniewski, Rafal"]
[Black "Moranda, Wojciech"]
[Result "1/2-1/2"]
[ECO "B43"]
[WhiteElo "2490"]
[BlackElo "2605"]
[Annotator "ChessBase"]
[PlyCount "32"]
[EventDate "2020.08.26"]
[EventType "team-tourn"]
[EventCountry "POL"]
[SourceTitle "playchess.com"]
[Source "ChessBase"]
[SourceQuality "1"]
[WhiteTeam "Wrzos Miedzyborow"]
[BlackTeam "Wieza Pegow"]
[TimeControl "30/5400+30:1800+30"]

1. e4 c5 2. Nf3 e6 3. Nc3 a6 4. d4 cxd4 5. Nxd4 Qc7 6. Bd3 Nf6 7. f4 d6 8. Qf3 Nbd7 9. g4 Nc5 10. g5 Nfd7 11. Be3 b5 12. a3 Bb7 13. h4 Nb6 14. O-O d5 15. e5 Nc4 16. b4 Nxd3 1/2-1/2

[Event "DMP Ekstraliga 2020"]
[Site "Krakow"]
[Date "2020.08.29"]
[Round "4.14"]
[White "Dziuba, Marcin"]
[Black "Cyborowski, Lukasz"]
[Result "1/2-1/2"]
[ECO "E06"]
[WhiteElo "2590"]
[BlackElo "2508"]
[Annotator "ChessBase"]
[PlyCount "131"]
[EventDate "2020.08.26"]
[EventType "team-tourn"]
[EventCountry "POL"]
[SourceTitle "playchess.com"]
[Source "ChessBase"]
[SourceQuality "1"]
[WhiteTeam "Wieza Pegow"]
[BlackTeam "Wrzos Miedzyborow"]
[TimeControl "30/5400+30:1800+30"]

1. d4 d5 2. c4 e6 3. Nf3 Nf6 4. g3 Be7 5. Bg2 O-O 6. O-O dxc4 7. Qa4 a6 8. Qxc4 b5 9. Qc2 Bb7 10. Bd2 Be4 11. Qc1 Bb7 12. Bf4 Nd5 13. Nc3 Nxf4 14. Qxf4 Nd7 15. Rfd1 Bd6 16. Qh4 Qxh4 17. Nxh4 Bxg2 18. Kxg2 f5 19. Rac1 Rac8 20. Nf3 Nb6 21. Rc2 c5 22. dxc5 Bxc5 23. Rdc1 Bb4 24. e3 Rc4 25. b3 Rxc3 26. Rxc3 Bxc3 27. Rxc3 Rc8 28. Rd3 Nd5 29. Ng5 Nc3 30. Nxe6 Nxa2 31. Rd7 g6 32. Rg7+ Kh8 33. Ra7 Nb4 34. h4 Kg8 35. h5 gxh5 36. Kh3 Nd3 37. f3 Ne5 38. f4 Nf3 39. Kg2 Ne1+ 40. Kf1 Nd3 41. Nd4 Rc3 42. Nxf5 Rxb3 43. Nh6+ Kf8 44. Ke2 Nb4 45. e4 Nc6 46. Ra8+ Ke7 47. Nf5+ Kd7 48. Rxa6 b4 49. Rb6 Rb2+ 50. Kd3 Kc7 51. Rb5 Rb3+ 52. Kd2 Rb2+ 53. Kd3 Rb3+ 54. Kd2 Rb2+ 55. Kc1 Rf2 56. Rc5 Kb6 57. Rc2 Rf1+ 58. Kb2 Re1 59. e5 h4 60. gxh4 Re4 61. Rf2 Kc5 62. Nd6 Re3 63. Rc2+ Kd5 64. Nc4 Rc3 65. Nb6+ Ke4 66. Rxc3 1/2-1/2

[Event "DMP Ekstraliga 2020"]
[Site "Krakow"]
[Date "2020.08.29"]
[Round "4.15"]
[White "Nurkiewicz, Maciej"]
[Black "Hnydiuk, Aleksander"]
[Result "1/2-1/2"]
[ECO "D12"]
[WhiteElo "2326"]
[BlackElo "2411"]
[Annotator "ChessBase"]
[PlyCount "98"]
[EventDate "2020.08.26"]
[EventType "team-tourn"]
[EventCountry "POL"]
[SourceTitle "playchess.com"]
[Source "ChessBase"]
[SourceQuality "1"]
[WhiteTeam "Wrzos Miedzyborow"]
[BlackTeam "Wieza Pegow"]
[TimeControl "30/5400+30:1800+30"]

1. d4 d5 2. c4 c6 3. Nf3 Nf6 4. e3 Bf5 5. Nc3 a6 6. Be2 h6 7. O-O e6 8. a3 Nbd7 9. b4 Bd6 10. Bb2 O-O 11. Bd3 dxc4 12. Bxc4 e5 13. Nh4 Bh7 14. dxe5 Nxe5 15. Be2 Qe7 16. Nf3 Rad8 17. Qb3 Nfg4 18. g3 Bd3 19. Nxe5 Nxe5 20. Nd5 cxd5 21. Bxd3 d4 22. Be2 d3 23. Bxd3 Nxd3 24. Qxd3 Bxb4 25. Qf5 Bd6 26. Rfd1 Rfe8 27. Rd5 Qe6 28. Qd3 Be7 29. e4 Bf6 30. Bxf6 Qxf6 31. Rd1 Rxd5 32. exd5 Qd6 33. Qb3 b5 34. a4 b4 35. a5 Rb8 36. Rc1 Rb5 37. Qd3 Rb8 38. Rc6 Qd8 39. Qxa6 b3 40. Rd6 Qe7 41. Rb6 Qe1+ 42. Kg2 Qe4+ 43. Kh3 Qf5+ 44. Kg2 Qxd5+ 45. Kh3 Qf5+ 46. Kg2 Qe4+ 47. Kh3 Qf5+ 48. Kg2 Qd5+ 49. Kh3 Qf5+ 1/2-1/2

[Event "DMP Ekstraliga 2020"]
[Site "Krakow"]
[Date "2020.08.29"]
[Round "4.16"]
[White "Zilka, Stepan"]
[Black "Bartel, Michal"]
[Result "1-0"]
[ECO "A67"]
[WhiteElo "2564"]
[BlackElo "2274"]
[Annotator "ChessBase"]
[PlyCount "103"]
[EventDate "2020.08.26"]
[EventType "team-tourn"]
[EventCountry "POL"]
[SourceTitle "playchess.com"]
[Source "ChessBase"]
[SourceQuality "1"]
[WhiteTeam "Wieza Pegow"]
[BlackTeam "Wrzos Miedzyborow"]
[TimeControl "30/5400+30:1800+30"]

1. d4 Nf6 2. c4 c5 3. d5 e6 4. Nc3 exd5 5. cxd5 d6 6. e4 g6 7. f4 Bg7 8. Bb5+ Nfd7 9. Bd3 Qh4+ 10. g3 Qe7 11. Nf3 O-O 12. O-O a6 13. a4 Nf6 14. Kg2 Bg4 15. h3 Bxf3+ 16. Qxf3 Nbd7 17. Bd2 Rfe8 18. Rae1 Qd8 19. Re2 Nb6 20. b3 Nfd7 21. Bc2 Rb8 22. h4 Nc8 23. h5 Qe7 24. Nd1 b5 25. a5 b4 26. Bd3 Na7 27. hxg6 hxg6 28. Bxa6 Nb5 29. Qd3 Nd4 30. Ree1 Ra8 31. Nb2 c4 32. Bxc4 Nc5 33. Qb1 Ndxb3 34. Bxb3 Nxb3 35. Nc4 Nxd2 36. Nxd2 Bc3 37. Re2 Rxa5 38. e5 Qb7 39. Ne4 Qxd5 40. Rd1 Qa8 41. Rxd6 Kg7 42. Rd7 Ra3 43. Qd3 Qc6 44. Qd6 Ra6 45. Qxc6 Rxc6 46. Nd6 Rxd6 47. Rxd6 b3 48. Rb6 b2 49. Rb7 Kg8 50. Rc2 Bd4 51. Rc4 Rd8 52. Kf3 1-0

[Event "DMP Ekstraliga 2020"]
[Site "Krakow"]
[Date "2020.08.29"]
[Round "4.17"]
[White "Sliwerski, Radoslaw"]
[Black "Plat, Vojtech"]
[Result "0-1"]
[ECO "E62"]
[WhiteElo "2042"]
[BlackElo "2566"]
[Annotator "ChessBase"]
[PlyCount "42"]
[EventDate "2020.08.26"]
[EventType "team-tourn"]
[EventCountry "POL"]
[SourceTitle "playchess.com"]
[Source "ChessBase"]
[SourceQuality "1"]
[WhiteTeam "Wrzos Miedzyborow"]
[BlackTeam "Wieza Pegow"]
[TimeControl "30/5400+30:1800+30"]

1. d4 d6 2. Nf3 g6 3. c4 Bg7 4. g3 Nf6 5. Bg2 O-O 6. O-O Nc6 7. Nc3 Bf5 8. Ne1 Qd7 9. e4 Bh3 10. d5 Na5 11. b3 a6 12. Nc2 b5 13. cxb5 axb5 14. Be3 c5 15. e5 Bxg2 16. Kxg2 Ng4 17. f4 dxe5 18. Bxc5 Rfc8 19. b4 exf4 20. Qf3 Nb7 21. Ne4 f5 0-1

[Event "DMP Ekstraliga 2020"]
[Site "Krakow"]
[Date "2020.08.29"]
[Round "4.18"]
[White "Majdan, Joanna"]
[Black "Kulon, Klaudia"]
[Result "1/2-1/2"]
[ECO "C68"]
[WhiteElo "2325"]
[BlackElo "2336"]
[Annotator "ChessBase"]
[PlyCount "37"]
[EventDate "2020.08.26"]
[EventType "team-tourn"]
[EventCountry "POL"]
[SourceTitle "playchess.com"]
[Source "ChessBase"]
[SourceQuality "1"]
[WhiteTeam "Wieza Pegow"]
[BlackTeam "Wrzos Miedzyborow"]
[TimeControl "30/5400+30:1800+30"]

1. e4 e5 2. Nf3 Nc6 3. Bb5 a6 4. Bxc6 dxc6 5. O-O f6 6. d4 exd4 7. Nxd4 c5 8. Ne2 Qxd1 9. Rxd1 Bd7 10. Nbc3 O-O-O 11. Be3 Re8 12. Rd2 Bc6 13. Rad1 b6 14. f3 Ne7 15. Nf4 Ng6 16. Ncd5 Ne5 17. b3 h5 18. h4 Kb7 19. Ne2 1/2-1/2

[Event "DMP Ekstraliga 2020"]
[Site "Krakow"]
[Date "2020.08.29"]
[Round "4.20"]
[White "Heberla, Bartlomiej"]
[Black "Bartel, Mateusz"]
[Result "1/2-1/2"]
[ECO "A10"]
[WhiteElo "2566"]
[BlackElo "2643"]
[Annotator "ChessBase"]
[PlyCount "101"]
[EventDate "2020.08.26"]
[EventType "team-tourn"]
[EventCountry "POL"]
[SourceTitle "playchess.com"]
[Source "ChessBase"]
[SourceQuality "1"]
[WhiteTeam "Miedz Legnica"]
[BlackTeam "Polonia Wroclaw"]
[TimeControl "30/5400+30:1800+30"]

1. c4 b6 2. Nc3 Bb7 3. e4 e5 4. d3 Bc5 5. a3 a5 6. Nf3 Nc6 7. Nxe5 Nxe5 8. d4 Bd6 9. dxe5 Bxe5 10. Qc2 Nf6 11. f3 O-O 12. Be3 c6 13. O-O-O d5 14. c5 d4 15. Bg5 h6 16. Bh4 Qc7 17. cxb6 Qe7 18. Nb1 c5 19. Nd2 Qe6 20. Bxf6 Qxf6 21. Nc4 Bxh2 22. Kb1 Bg3 23. Bd3 Ba6 24. Rh3 Bf4 25. g3 Bxc4 26. Bxc4 Be3 27. f4 Qxb6 28. e5 Rab8 29. Rh2 Rb7 30. Qf5 Re8 31. Re1 Kf8 32. e6 Rxe6 33. Bxe6 Qxe6 34. Qxe6 fxe6 35. Rc2 d3 36. Rxe3 dxc2+ 37. Kxc2 Kf7 38. Re5 Rc7 39. Kb3 Kf6 40. Ka4 c4 41. Re3 Rb7 42. Re2 Rb3 43. Kxa5 c3 44. bxc3 Rxc3 45. a4 Rxg3 46. Kb4 Rg1 47. a5 Rb1+ 48. Kc5 Ra1 49. Kb6 g5 50. fxg5+ hxg5 51. Rf2+ 1/2-1/2